 Dungeon Crawl Stone Soup version 0.17-a0-1718-g72dbe4d (webtiles) character file.

105 achirane the Conjurer (level 4, 0/38 HPs)
             Began as a Naga Wizard on Aug 26, 2015.
             Slain by KambridgeKobold's ghost (5 damage)
             ... on level 3 of the Dungeon.
             The game lasted 00:19:28 (2863 turns).

achirane the Conjurer (Naga Wizard)                 Turns: 2863, Time: 00:19:28

Health: 0/38       AC:  6    Str:  9    XL:     4   Next: 83%
Magic:  7/8        EV:  7    Int: 25    God:
Gold:   90         SH:  2    Dex:  9    Spells: 4 memorised, 1 level left

rFire  . . .     SeeInvis +     C - +0 mace
rCold  . . .     Clarity  .     a - +0 robe
rNeg   . . .     SustAt   .     A - +0 buckler
rPois  +         Gourm    .     b - +0 hat
rElec  .         Spirit   .     (no cloak)
rCorr  .         Warding  .     (no gloves)
rMut   .         Stasis   .     x - +0 naga barding
MR     .....                    (no amulet)
Stlth  ++........               (no ring)
                                (no ring)

@: brilliant, very slow, not resistant to hostile enchantments, unstealthy
A: see invisible, deformed body, poison resistance, slowness 2, slow metabolism
1, spit poison 2, AC +1
a: Spit Poison


You were on level 3 of the Dungeon.
You were not hungry.

You visited 1 branch of the dungeon, and saw 3 of its levels.

You collected 90 gold pieces.

Inventory:

Hand weapons
 C - a +0 mace (weapon)
Missiles
 m - 6 tomahawks (quivered)
 t - 14 poisoned needles
 u - 17 sling bullets
Armour
 a - a +0 robe (worn)
 b - a +0 hat (worn)
 x - a +0 naga barding (worn)
 A - a +0 buckler (worn)
Scrolls
 e - a scroll of random uselessness {unknown}
 f - a scroll of identify
 j - 3 scrolls of remove curse
 l - a scroll of enchant weapon {unknown}
 p - 3 scrolls of fog
 q - a scroll of immolation {unknown}
 r - 2 scrolls of recharging {unknown}
 v - a scroll of teleportation {unknown}
 y - a scroll of enchant armour {unknown}
 z - a scroll of magic mapping {unknown}
Potions
 g - 2 potions of magic
 h - a potion of lignification {unknown}
 k - a potion of brilliance
 n - a potion of heal wounds {unknown}
 w - a potion of degeneration {unknown}
 B - a potion of resistance {unknown}
Books
 c - a book of Minor Magic

   Spells                             Type                      Level
   a - Magic Dart                     Conjuration                  1
   b - Blink                          Translocation                2
   c - Call Imp                       Summoning                    2
   d - Repel Missiles                 Charms/Air                   2
   e - Slow                           Hexes                        2
   f - Conjure Flame                  Conjuration/Fire             3
   g - Mephitic Cloud                 Conjuration/Poison/Air       3
Comestibles
 d - a bread ration
 s - a slice of pizza


   Skills:
 + Level 1.6 Fighting
 - Level 1.5 Dodging
 - Level 3.0 Stealth
 - Level 3.0 Spellcasting
 - Level 4.0 Conjurations
 - Level 1.0 Summonings
   Level 1.0 Translocations


You had one spell level left.
You knew the following spells:

 Your Spells              Type           Power        Failure   Level  Hunger
a - Magic Dart            Conj           ####         1%          1    None
b - Call Imp              Summ           ###.....     2%          2    ##.....
c - Repel Missiles        Chrm/Air       ###...       3%          2    ##.....
d - Mephitic Cloud        Conj/Pois/Air  ####....     3%          3    ###....


Dungeon Overview and Level Annotations

Branches:
Dungeon (3/15)

Altars:
Dithmenos
Gozag
Kikubaaqudgha
Okawaru
Trog
Vehumet

Annotations:
D:3 KambridgeKobold's ghost, average MfSk


Innate Abilities, Weirdness & Mutations

You cannot wear boots.
Your serpentine skin is tough (AC +1).
You have supernaturally acute eyesight.
Armour fits poorly on your strangely shaped body.
Your system is resistant to poisons.
You cover ground very slowly.
You have a slow metabolism.
You can spit poison.


Message History

KambridgeKobold's ghost hits you.
* * * LOW HITPOINT WARNING * * *
Read which item? (? for menu, Esc to quit)
Okay, then.
Drink which item? (? for menu, Esc to quit)
It was a potion of brilliance.
You feel clever all of a sudden.
KambridgeKobold's ghost closely misses you.
Casting: Magic Dart
Confirm with . or Enter, or press ? or * to list all spells.
Okay, then.
Casting: Magic Dart
Confirm with . or Enter, or press ? or * to list all spells.
Aiming: Magic Dart
Press: ? - help, Shift-Dir - straight line, f/p - KambridgeKobold's ghost
Aim: KambridgeKobold's ghost (severely damaged)
The magic dart hits KambridgeKobold's ghost.
KambridgeKobold's ghost is severely damaged.
KambridgeKobold's ghost hits you.
You die...

# ### # #...# ##.#
#.#.# .#.### ....
.....#
#.###.######..$.#
#....(((((W@....#
######'#######...#
#............. ..#
### #..........#..
... ..#
#..........# ###
..# #.......)..#
..# #..........#
##########.###.#
...........# .#


You could see KambridgeKobold's ghost.

Vanquished Creatures
  5 adders
  2 worms
  13 bats
  6 goblins (D:1)
  3 hobgoblins
  10 jackals
  2 ball pythons (D:2)
  2 giant geckos (D:1)
  5 giant newts
  7 kobolds
  3 rats (D:1)
58 creatures vanquished.

Notes
Turn   | Place    | Note
--------------------------------------------------------------
     0 | D:1      | achirane the Naga Wizard began the quest for the Orb.
     0 | D:1      | Reached XP level 1. HP: 15/15 MP: 4/4
   567 | D:1      | Reached XP level 2. HP: 22/22 MP: 3/6
   861 | D:1      | Learned a level 2 spell: Call Imp
   864 | D:1      | Learned a level 2 spell: Repel Missiles
  1039 | D:1      | Reached XP level 3. HP: 28/28 MP: 5/7
  1223 | D:1      | Learned a level 3 spell: Mephitic Cloud
  1241 | D:2      | Found an iron altar of Okawaru.
  1693 | D:2      | Reached XP level 4. HP: 36/36 MP: 6/8
  1948 | D:2      | Found an opulent altar of Gozag.
  1951 | D:2      | Found a shadowy altar of Dithmenos.
  1956 | D:2      | Found an ancient bone altar of Kikubaaqudgha.
  2081 | D:2      | Reached skill level 4 in Conjurations
  2128 | D:2      | Found a radiant altar of Vehumet.
  2129 | D:2      | Found a bloodstained altar of Trog.
  2399 | D:2      | Reached skill level 1 in Fighting
  2838 | D:3      | Noticed KambridgeKobold's ghost (average MfSk)
  2863 | D:3      | Slain by KambridgeKobold's ghost

Vault maps used:
D:1:      dpeg_arrival_long_road
D:2:      grunt_temple_overflow_diamond, lemuel_round_altar,
          gammafunk_temple_overflow_statue

Action                   |  1- 3 |  4- 6 || total
-------------------------+-------+-------++-------
Melee: Club              |     6 |       ||     6
       Hand axe          |     1 |       ||     1
       Mace              |       |    16 ||    16
Throw: Javelin           |       |     7 ||     7
 Cast: Magic Dart        |    57 |    39 ||    96
 Abil: Spit Poison       |    22 |    20 ||    42
  Use: Scroll            |       |     3 ||     3
       Potion            |       |     1 ||     1
 Stab: Sleeping          |     1 |       ||     1
  Eat: Chunk             |     2 |     5 ||     7
